Map: Orbital Shipyard

Players

SticklerMac

  • Race: Zerg Zerg

TheAtheist - Winner!

  • Race: Protoss Protoss

VOD

Have the link to the VOD?

Description

Time

  • Played on: Nov. 10, 2015, 1:19 a.m.
  • Length: 14:31
Show
View Real Time Build Order
Export as new Build Order

SticklerMac Zerg 

Build Orders: Hatch First 

Get SALT Encoding   

  12  0:01  Drone  
  13  0:09  Drone  
  14  0:17  Overlord  
  14  0:36  Drone x3  
  17  0:54  Hatchery  
  16  0:57  Drone  
  16  1:02  Extractor  
  16  1:03  Drone  
  17  1:16  Spawning Pool  
  16  1:19  Drone  
  17  1:26  Drone  
  18  1:33  Drone  
  19  1:46  Drone  
  20  1:51  Drone  
  21  2:02  Drone  
  21  2:06  Queen x2  
  26  2:11  Metabolic Boost  
  26  2:17  Overlord  
  26  2:24  Drone  
  26  2:26  Zergling x2  
  28  2:38  Zergling x6  
  32  2:51  Drone x3  
  32  2:55  Lair  
  32  2:57  Drone  
  35  3:02  Zergling x2  
  36  3:20  Overlord, Extractor  
  36  3:23  Hatchery, Overlord  
  35  3:34  Drone x2  
  35  3:35  Overlord  
  35  3:39  Drone x2  
  38  3:43  Drone x2  
  40  4:05  Drone x4  
  40  4:06  Drone x3  
  47  4:10  Drone  
  47  4:12  Queen  
  47  4:16  Queen  
  50  4:19  Drone  
  53  4:30  Zergling x2  
  54  4:31  Drone x2  
  54  4:32  Drone  
  53  5:00  Spore Crawler  
  53  5:04  Spore Crawler  
  51  5:14  Drone x5  
  52  5:15  Drone  
  52  5:19  Queen, Extractor  
  58  5:26  Spire  
  57  5:29  Drone x2, Extractor  
  58  5:36  Overlord  
  58  5:37  Overlord x2  
  58  5:54  Queen  
  60  6:06  Spore Crawler  
  59  6:17  Drone x2  
  59  6:18  Drone x2  
  63  6:25  Drone x3  
  65  6:26  Drone x7  
  65  6:27  Drone x2  
  75  6:34  Spore Crawler  
  74  6:46  Mutalisk x4  
  76  6:51  Overlord x5  
  82  7:04  Overlord x2  
  82  7:22  Mutalisk x8  
  84  7:26  Drone x5  
  84  7:28  Overseer  
  103  7:32  Mutalisk, Extractor  
  103  7:34  Extractor  
  103  7:46  Zerg Flyer Armor Level 1  
  103  8:01  Drone x4  
  103  8:02  Drone x5  
  112  8:06  Mutalisk x2  
  112  8:10  Corruptor  
  118  8:13  Zergling x2  
  118  8:14  Zergling x10  
  124  8:25  Corruptor x2  
  128  8:29  Zergling x10  
  133  8:41  Corruptor  
  133  8:42  Corruptor  
  133  8:47  Overlord x3  
  133  8:48  Overlord x2  
  137  9:13  Mutalisk  
  137  9:14  Mutalisk x5  
  149  9:25  Mutalisk x2  
  149  9:27  Hatchery  
  152  9:48  Mutalisk  
  152  9:49  Corruptor x2  
  152  9:50  Zergling x2  
  152  9:51  Zergling x28  
  173  10:19  Corruptor x2  
  177  10:23  Overlord x6  
  177  10:42  Drone  
  178  10:43  Mutalisk x7  
  192  11:22  Mutalisk  
  192  11:23  Mutalisk x3  
  200  11:32  Zerg Flyer Weapons Level 1  
  200  11:48  Extractor  
  200  11:49  Extractor  
  198  12:11  Overseer  
  195  12:33  Mutalisk x2  
  195  12:35  Hatchery  
  198  12:56  Spore Crawler  
  198  12:58  Spore Crawler  
  188  13:11  Hatchery  
  179  13:22  Spine Crawler  
  179  13:24  Spine Crawler  
  177  13:27  Spine Crawler  
  177  13:28  Spine Crawler  
  175  13:35  Spine Crawler  
  110  14:06  Zergling x2  
  110  14:07  Zergling x42  
Show
View Real Time Build Order
Export as new Build Order

TheAtheist Protoss - Winner!

Build Orders: Oracle Opening 

Get SALT Encoding   

  12  0:01  Probe (Chrono Boost)  
  13  0:12  Probe (Chrono Boost)  
  14  0:23  Pylon  
  14  0:24  Probe (Chrono Boost)  
  15  0:42  Probe (Chrono Boost)  
  16  0:52  Probe (Chrono Boost)  
  17  1:03  Probe (Chrono Boost)  
  18  1:09  Nexus  
  18  1:13  Probe (Chrono Boost)  
  19  1:21  Gateway  
  19  1:24  Probe (Chrono Boost)  
  20  1:29  Pylon  
  20  1:35  Probe (Chrono Boost)  
  21  1:41  Forge  
  21  1:46  Probe (Chrono Boost)  
  22  1:52  Assimilator  
  22  1:54  Assimilator  
  22  1:57  Probe (Chrono Boost)  
  23  2:11  Probe (Chrono Boost)  
  24  2:18  Cybernetics Core  
  24  2:22  Probe (Chrono Boost)  
  25  2:23  Photon Cannon  
  25  2:25  Probe (Chrono Boost)  
  26  2:32  Probe (Chrono Boost)  
  27  2:40  Pylon  
  27  2:42  Probe (Chrono Boost)  
  27  2:43  Probe (Chrono Boost)  
  29  2:53  Probe x2 (Chrono Boost)  
  31  3:04  Probe (Chrono Boost), Stargate  
  33  3:07  Mothership Core (Chrono Boost)  
  34  3:15  Probe (Chrono Boost)  
  35  3:25  Probe x2 (Chrono Boost)  
  37  3:37  Probe x2 (Chrono Boost)  
  37  3:40  Assimilator  
  39  3:42  Assimilator  
  41  3:49  Oracle (Chrono Boost)  
  41  3:52  Probe  
  41  3:54  Probe  
  44  4:03  Probe  
  44  4:06  Probe  
  44  4:09  Warp Gate  
  45  4:13  Probe, Nexus  
  46  4:18  Probe  
  46  4:21  Pylon  
  47  4:24  Probe  
  47  4:25  Phoenix (Chrono Boost)  
  47  4:30  Probe  
  51  4:32  Sentry  
  51  4:33  Protoss Ground Weapons Level 1  
  51  4:34  Probe  
  54  4:58  Void Ray (Chrono Boost)  
  54  4:59  Probe  
  59  5:02  Pylon  
  59  5:04  Probe  
  59  5:05  Pylon  
  60  5:11  Probe  
  60  5:13  Fleet Beacon  
  61  5:15  Probe  
  61  5:16  Stargate  
  61  5:18  Pylon  
  62  5:23  Probe, Pylon  
  63  5:28  Assimilator  
  63  5:32  Photon Cannon x2  
  63  5:33  Assimilator  
  63  5:46  Photon Cannon  
  63  5:51  Photon Cannon  
  63  5:54  Probe  
  63  5:55  Probe  
  63  5:56  Probe  
  66  5:57  Carrier (Chrono Boost)  
  66  6:03  Carrier (Chrono Boost)  
  78  6:06  Protoss Air Weapons Level 1  
  78  6:08  Probe x2  
  78  6:11  Probe  
  81  6:18  Probe  
  81  6:20  Probe  
  81  6:21  Pylon  
  81  6:23  Probe  
  84  6:28  Photon Cannon  
  84  6:29  Probe  
  84  6:32  Probe, Photon Cannon  
  86  6:35  Probe, Pylon  
  87  6:45  Probe  
  87  6:46  Probe, Photon Cannon x2  
  89  6:50  Probe  
  90  6:55  Probe  
  90  6:57  Protoss Shields Level 1  
  90  6:58  Probe  
  90  7:01  Graviton Catapult  
  92  7:02  Probe  
  93  7:15  Carrier (Chrono Boost)  
  99  7:21  Carrier (Chrono Boost)  
  105  7:30  Photon Cannon x2  
  105  7:42  Pylon  
  105  7:46  Pylon  
  105  7:49  Pylon  
  105  8:01  Protoss Air Weapons Level 2 (Chrono Boost)  
  105  8:02  Twilight Council  
  105  8:06  Nexus  
  105  8:07  Pylon  
  105  8:16  Pylon  
  105  8:23  Cybernetics Core  
  105  8:26  Forge  
  105  8:27  Carrier (Chrono Boost)  
  105  8:29  Assimilator  
  105  8:30  Carrier (Chrono Boost)  
  117  8:34  Assimilator  
  117  8:39  Photon Cannon  
  117  8:40  Photon Cannon  
  117  8:41  Photon Cannon  
  117  8:44  Photon Cannon  
  117  8:46  Photon Cannon  
  117  8:48  Photon Cannon  
  117  8:52  Probe, Photon Cannon  
  117  8:54  Probe  
  119  9:02  Templar Archives  
  119  9:03  Protoss Shields Level 2 (Chrono Boost)  
  119  9:21  Protoss Ground Weapons Level 2 (Chrono Boost)  
  119  9:22  Probe x3  
  122  9:32  Pylon  
  122  9:35  Pylon  
  122  9:37  Photon Cannon  
  122  9:42  Photon Cannon  
  122  9:45  Gateway  
  122  9:46  Gateway  
  122  9:47  Probe x2, Dark Shrine  
  122  9:49  Void Ray, Photon Cannon  
  124  9:56  Pylon  
  128  10:01  Void Ray  
  128  10:12  Protoss Air Armor Level 1  
  128  10:13  Photon Cannon  
  132  10:14  Photon Cannon  
  132  10:16  Photon Cannon  
  132  10:18  Pylon  
  132  10:21  Photon Cannon  
  132  10:32  Photon Cannon  
  132  10:33  Photon Cannon x2  
  132  10:34  Psionic Storm  
  132  10:35  Void Ray  
  136  10:47  Photon Cannon  
  136  10:55  Photon Cannon  
  136  11:03  Gateway x2  
  136  11:05  Gateway  
  136  11:08  Dark Templar x2  
  136  11:09  Dark Templar  
  142  11:15  Protoss Air Weapons Level 3  
  142  11:17  Carrier  
  142  11:22  Protoss Shields Level 3 (Chrono Boost)  
  142  11:24  Charge  
  142  11:29  Void Ray  
  152  11:40  Protoss Ground Armor Level 1 (Chrono Boost)  
  152  12:00  Gateway  
  152  12:03  Gateway, Pylon  
  152  12:05  Dark Templar x3  
  152  12:06  Dark Templar x3, Pylon, Gateway  
  164  12:16  Photon Cannon  
  164  12:18  Photon Cannon  
  160  12:23  Void Ray  
  160  12:26  Photon Cannon  
  160  12:27  Photon Cannon  
  160  12:28  Photon Cannon  
  162  12:39  Void Ray  
  166  12:56  Stargate  
  166  12:58  Stargate x2  
  156  13:19  Phoenix x2  
  158  13:28  High Templar x2  
  158  13:29  High Templar x6  
  158  13:31  Photon Cannon  
  174  13:34  Photon Cannon  
  174  13:36  Photon Cannon  
  174  13:38  Photon Cannon  
  174  13:39  Pylon, Photon Cannon  
  174  13:43  Pylon  
  174  13:44  Photon Cannon  
  174  13:45  Pylon  
  174  13:52  Archon x3  
  174  13:53  Archon  
  174  13:54  Photon Cannon  
Tags
 
Add a new tag
Caveats
  • Supply blocks, unpowered buildings, or Contaminate may cause inaccurate times.
  • Supply counts are checked every 10 seconds.